AoeStats
← GracefulPickle

Nomad

510120763Analyzed
3v3 RM · 1d ago on Sep 29, 2026· 35m 50s· 6 players
Game mode
Random Map
Map size
210×210
Population
200
Speed
Normal
Resources
Standard
Victory
Conquest
Starting age
Dark Age
Ending age
Imperial Age
RankedLock teamsTeams togetherTeam positionsShared explorationLock speedFull tech treeHidden civsTurbo modeCheats
Victory
Defeat
🇨🇿 Armenians · Czechia
1238
+15
🇨🇦 Dravidians · Canada
1218
+16
🇮🇹 Vikings · Italy
1211
+16
🇺🇸 Vietnamese · United States
1334
-20
🇵🇰 Britons · Pakistan
1170
-14
🇳🇮 Byzantines · Nicaragua
1139
-13
balgaro
5:19 Loom
13:51 Feudal Age
14:24 Fishing Lines
14:52 Double-Bit Axe
18:58 Castle Age
18:43 Fletching
19:48 Man-at-Arms
20:14 Gambesons
20:29 Squires
21:27 Wheelbarrow
20:45 Gillnets
21:19 Bow Saw
22:38 Hand Cart
22:19 Gold Mining
26:19 Padded Archer Armor
31:07 Long Swordsman
31:33 Arson
32:06 Leather Archer Armor
31:46 Bodkin Arrow
32:01 Forging
31:52 Scale Mail Armor
31:58 Horse Collar
36:24 Imperial Age
33:40 Town Watch
34:02 Thumb Ring
33:57 Stone Mining
34:36 Ballistics
35:30 Husbandry
dulinek
3:28 Loom
15:17 Feudal Age
16:05 Double-Bit Axe
16:11 Gold Mining
21:39 Castle Age
20:36 Fletching
23:35 Stone Mining
23:55 Bow Saw
31:02 Padded Archer Armor
30:57 Bodkin Arrow
asgaffo
14:19 Feudal Age
13:40 Loom
18:40 Castle Age
17:28 Double-Bit Axe
17:36 Gold Mining
20:11 Bow Saw
27:10 Fishing Lines
33:40 Imperial Age
31:41 Fletching
34:28 Scale Mail Armor
GracefulPickle
5:08 Loom
14:53 Feudal Age
20:51 Castle Age
19:01 Fletching
21:01 Padded Archer Armor
21:14 Crossbowman
22:25 Bodkin Arrow
22:47 Thumb Ring
24:11 Double-Bit Axe
31:46 Wheelbarrow
30:56 Town Watch
32:30 Town Watch
msandoval
4:56 Loom
13:41 Feudal Age
14:30 Double-Bit Axe
16:47 Fletching
23:56 Castle Age
24:07 Padded Archer Armor
26:23 Wheelbarrow
31:42 Hand Cart
mag dump
6:12 Loom
13:42 Feudal Age
16:09 Double-Bit Axe
20:30 Castle Age
18:49 Gold Mining
19:57 Fletching
23:27 Bow Saw
25:01 Bodkin Arrow
25:38 Town Watch
28:27 Horse Collar
Connection lost

Rejoining the realm…

Still unreachable

The connection could not be restored.

Session expired

The server has moved on; the page needs a fresh start.